 Dungeon Crawl Stone Soup version 0.28-a0-410-gbef64dd269 (webtiles) character file.

Game seed: 3251534898604155879

191 olmar the Chopper (level 5, -1/49 HPs)
             Began as a Deep Dwarf Fighter on Sept 6, 2021.
             Splashed by a jelly's acid (9 damage)
             ... on level 3 of the Dungeon.
             The game lasted 00:03:37 (2141 turns).

olmar the Chopper (Deep Dwarf Fighter)              Turns: 2141, Time: 00:03:37

Health: -1/49      AC: -8    Str: 20    XL:     5   Next: 41%
Magic:  4/4        EV: 10    Int:  9    God:
Gold:   71         SH:  5    Dex: 12    Spells: 4/4 levels left

rFire   . . .      SeeInvis .   a - +0 war axe
rCold   . . .      Faith    .   c - +0 buckler
rNeg    . . .      Spirit   .   b - +0 scale mail
rPois   .          Reflect  .   (no helmet)
rElec   .          Harm     .   (no cloak)
rCorr   .          Rampage  .   (no gloves)
Will    .....                   (no boots)
Stlth   ..........              (no amulet)
HPRegen 0.00/turn               (no ring)
MPRegen 0.09/turn               (no ring)

@: corroded
A: damage resistance, heal wounds, sense surroundings 1, no regeneration
a: Heal Wounds


You were on level 3 of the Dungeon.
You visited 1 branch of the dungeon, and saw 3 of its levels.

You collected 71 gold pieces.

Inventory:

Hand Weapons
 a - a +0 war axe (weapon)
Armour
 b - a +0 scale mail (worn)
 c - a +0 buckler (worn)
Jewellery
 n - a ring of ice
Scrolls
 g - a scroll of fear {unknown}
 h - a scroll of identify {unknown}
 i - 2 scrolls of teleportation {unknown}
 m - 2 scrolls of vulnerability {unknown}
 p - a scroll of magic mapping {unknown}
Potions
 d - 2 potions of might
 e - 2 potions of haste {unknown}
 f - 2 potions of degeneration {unknown}
 j - a potion of flight {unknown}
 k - a potion of heal wounds {unknown}
 l - 2 potions of curing {unknown}
 o - a potion of resistance {unknown}


   Skills:
 + Level 3.4 Fighting
 + Level 4.5 Axes
 + Level 4.1 Armour
 - Level 0.8 Dodging
 + Level 3.8 Shields


You had 4 spell levels left.
You didn't know any spells.
Your spell library was empty.

Dungeon Overview and Level Annotations

Branches:
Dungeon (3/15)

Altars:
Xom


Innate Abilities, Weirdness & Mutations

You are resistant to damage.
You can heal yourself by infusing magical energy.
You passively map a small area around you.
You do not regenerate.


Message History

You kill the goblin!
A quokka comes into view.
The quokka completely misses you.
You see here a +0 dagger.
You barely miss the quokka. You block the quokka's attack.
A jelly comes into view.
You closely miss the quokka.
The jelly quivers.
The quokka closely misses you. The quokka bites you.
You slash the quokka!
You kill the quokka!
You hit the jelly but do no damage. The acid corrodes you!
Your hands burn!
The jelly hits you.
You are splashed with acid.
* * * LOW HITPOINT WARNING * * *
You slash the jelly! The acid corrodes you!
Your hands burn!
* * * LOW HITPOINT WARNING * * *
The jelly is heavily wounded.
The jelly barely misses you.
Unknown command.
Unknown command.
Unknown command.
Unknown command.
Your magical essence is drained by the effort!
You feel much better. The jelly barely misses you.
You barely miss the jelly.
The jelly is heavily wounded.
The jelly hits you. The acid corrodes you!
You are splashed with acid!
The jelly hits you.
You are splashed with acid!
Unknown command.
You hit the jelly but do no damage.
Your hands burn!
The jelly is heavily wounded.
The jelly hits you.
You are splashed with acid!
* * * LOW HITPOINT WARNING * * *
Unknown command.
You completely miss the jelly.
The jelly is heavily wounded.
The jelly hits you.
* * * LOW HITPOINT WARNING * * *
The acid corrodes you!
You are splashed with acid!
You die...

##.###.......## ##≈.♣.≈# #.#
####.....#########.≈.≈.♣#
#.######............#..^##≈≈#
#>.......#.########.⌠.≈._.._⌠
#........#.### *##.^..#.^#
##.######....# #..#≈..##
##..)..##.#.## ##....♣##
#######.##(###...# ##.≈.#
#.....)#.### ##@.# ##⌠##
#.####.##.##..J..# ##.# ,
#.##..######.## #..# , *
#.#..#........# ##.##
,....####.###### #..# ,
........##.###########.##
#..#.#.#.#..............# *
.....#.#......#####.##### *
##..# #..........###.####


You could see a jelly.

Vanquished Creatures
  Jessica (D:3)
  Terence (D:2)
  7 gnolls (D:2)
  2 adders
  A dart slug (D:3)
  2 orcs (D:3)
  6 ball pythons
  3 endoplasms
  5 giant cockroaches
  6 goblins
  5 hobgoblins
  5 kobolds
  4 quokkas
  3 bats
  2 frilled lizards
  5 rats
58 creatures vanquished.

Vanquished Creatures (others)
  4 toadstools (D:1)
4 creatures vanquished.

Grand Total: 62 creatures vanquished

Notes
Turn   | Place    | Note
-------+----------+-------------------------------------------
     0 | D:1      | olmar the Deep Dwarf Fighter began the quest for the Orb.
     0 | D:1      | Reached XP level 1. HP: 20/20 MP: 1/1
    43 | D:1      | Found a faded altar of an unknown god.
   221 | D:1      | Reached XP level 2. HP: 27/27 MP: 2/2
   790 | D:2      | Noticed Terence
   866 | D:2      | Reached XP level 3. HP: 31/34 MP: 3/3
   917 | D:2      | Killed Terence
  1317 | D:2      | Reached XP level 4. HP: 32/42 MP: 4/4
  1667 | D:3      | Reached XP level 5. HP: 18/49 MP: 5/5
  1916 | D:3      | Found a shimmering altar of Xom.
  1917 | D:3      | Found a shimmering altar of Xom.
  1974 | D:3      | Noticed Jessica
  1983 | D:3      | Killed Jessica
  2141 | D:3      | Splashed by a jelly's acid

Illustrated notes

Levels and vault maps discovered:
D:1:      ldierk_water_garden, layout_basic,
          hellmonk_ecumenical_altar_leap_of_faith, chequers_avenue,
          grunt_decor_clamped
D:2:      layout_loops_corners, uniq_terence
D:3:      layout_loops_corners, xom_redecorated, corexii_corridor_pit,
          hex_medium, minmay_misc_feat_iff, minmay_cut_off, uniq_jessica

Skill      XL: |  1  2  3  4 |
---------------+-------------+-----
Fighting       | 3 |  3.4
Axes           | 3 4 |  4.5
Armour         | 4 |  4.1
Dodging        | |  0.8
Shields        | |  3.8

Action                   |  1- 3 |  4- 6 || total
-------------------------+-------+-------++-------
Melee: War axe           |    75 |    78 ||   153
 Abil: Heal Wounds       |       |     3 ||     3
Evoke: Wand              |       |    10 ||    10
Armor: Scale mail        |    24 |    19 ||    43
Dodge: Dodged            |    34 |    40 ||    74
Block: Buckler           |    13 |    21 ||    34

Table legend: (Time is in decaauts)
 A = Elapsed time spent in this place.
 B = Non-inter-level travel time spent in this place.
 C = Inter-level travel time spent in this place.
 D = Time resting spent in this place.
 E = Time spent auto-exploring this place.
 F = Levels seen in this place.
 G = Mean time per level.
                   A        B        C        D        E       F      G
               +--------+--------+--------+--------+--------+-----+--------+
         Total |   2200 |   2114 |     86 |      5 |   1701 |   3 |  733.3 |
       Dungeon |   2200 |   2114 |     86 |      5 |   1701 |   3 |  733.3 |
               +--------+--------+--------+--------+--------+-----+--------+

Top non-repeatable levels by time:
     D:1: 846 daAuts
     D:2: 838 daAuts
     D:3: 516 daAuts
